 Dungeon Crawl Stone Soup version bcrawl-1.37 (webtiles) character file.

Game seed: 11535337095383551353

365056 Lazarus1551 the Thaumaturge (level 12, -1/91 HPs)
             Began as an Oni Fire Elementalist on Sept 26, 2022.
             Was a Believer of Kikubaaqudgha.
             Slain by a +4 long sword (8 damage)
             ... on level 10 of the Dungeon on Sept 27, 2022.
             The game lasted 00:36:00 (11859 turns).

Lazarus1551 the Thaumaturge (OnFE)                 Turns: 11859, Time: 00:36:00

Health: -1/91      AC:  4    Str: 12    XL:     12   Next: 8%
Magic:  13/30      EV: 14    Int: 21    God:    Kikubaaqudgha [**....]
Gold:   878        SH:  0    Dex: 12    Spells: 5/35 levels left

rFire    + . .     GDR:     27% I - +4 shortbow
rCold    . . .     SeeInvis .   (shield currently unavailable)
rNeg     . . .     Gourm    .   C - +0 robe {RegenMP}
rPois    +         Faith    .   (helmet restricted)
rElec    .         Spirit   .   t - +1 cloak
rCorr    .         Reflect  .   (no gloves)
MR       .....                  (no boots)
Stlth    ++........             (no amulet)
HPRegen  0.25/turn              E - ring of poison resistance
MPRegen  0.44/turn              z - ring of protection from fire

@: igniting projectiles (expiring)
A: oni magic, claws 1, fangs 1, horns 1
a: Receive Corpses, Renounce Religion


You were on level 10 of the Dungeon.
You worshipped Kikubaaqudgha.
Kikubaaqudgha was pleased with you.
You were very hungry.

You visited 2 branches of the dungeon, and saw 12 of its levels.
You also visited: Ossuary.

You collected 878 gold pieces.

Inventory:

Hand Weapons
 w - a +0 mace of protection
 I - a +4 shortbow (weapon)
Missiles
 d - 1474 stones
 v - a throwing net {=f}
 B - 67 poisoned tomahawks
 G - 104 javelins
 K - 666 arrows (quivered)
Armour
 t - a +1 cloak (worn)
 C - a +0 robe of magic recovery (worn)
 D - the +3 chain mail of the Volcano {rElec MR+}
   (You found it on level 7 of the Dungeon)

   It insulates you from electricity.
   It affects your resistance to hostile enchantments.
Magical Staves
 F - a cursed staff of cold
 L - an uncursed staff of summoning
Jewellery
 z - a ring of protection from fire (right claw)
 E - a ring of poison resistance (left claw)
 H - an uncursed ring of protection from fire
 J - an uncursed ring of ice
Wands
 y - a wand of polymorph (10)
 P - a wand of disintegration (14)
Scrolls
 a - a scroll of fog
 b - 2 scrolls of magic mapping
 c - 3 scrolls of enchant armour
 f - 7 scrolls of remove curse
 g - 6 scrolls of teleportation
 h - a scroll of immolation {unknown}
 i - 3 scrolls of identify
 k - 3 scrolls of enchant weapon
 n - 2 scrolls of fear
 o - 5 scrolls of amnesia
 p - a scroll of blinking
 q - a scroll of silence {unknown}
 N - a scroll of acquirement {unknown}
 Q - a scroll of noise {unknown}
Potions
 j - 5 potions of curing
 l - a potion of mutation
 m - 2 potions of lignification
 r - 5 potions of haste
 s - 2 potions of flight
 u - a potion of invisibility
 x - 3 potions of cancellation
 A - 2 potions of agility
 M - 2 potions of heal wounds {unknown}
 O - a potion of berserk rage
Comestibles
 e - 16 rations {!d}


   Skills:
 * Level 3.9 Fighting
 + Level 3.0(3.6) Maces & Flails
 + Level 2.4(3.1) Staves
 + Level 2.2 Throwing
 * Level 3.7 Armour
 * Level 4.9 Dodging
 - Level 1.7 Stealth
 + Level 0.1 Unarmed Combat
 * Level 12.0 Spellcasting
   Level 12.0 Conjurations
   Level 12.0 Hexes
   Level 12.0 Charms
   Level 12.0 Summonings
   Level 12.0 Necromancy
   Level 12.0 Translocations
   Level 12.0 Transmutations
   Level 12.0 Fire Magic
   Level 12.0 Ice Magic
   Level 12.0 Air Magic
   Level 12.0 Earth Magic
   Level 12.0 Poison Magic


You had 5 spell levels left.
You knew the following spells:

 Your Spells              Type           Power        Failure   Level  Hunger
a - Flame Tongue          Conj/Fire      #####        1%          1    None
b - Shackle               Hex            ######..     1%          2    None
c - Conjure Flame         Conj/Fire      ######..     1%          3    None
d - Inner Flame           Hex/Fire       N/A          1%          3    None
e - Dispel Undead         Necr           ######..     1%          5    ##.....
f - Fireball              Conj/Fire      ######....   1%          5    ##.....
g - Sticky Flame          Conj/Fire      ######..     1%          4    None
h - Flaming Arrows        Chrm/Fire      ######..     1%          2    None
i - Bolt of Draining      Conj/Necr      ######....   1%          5    ##.....

Your spell library contained the following spells:

 Spells                   Type           Power        Failure   Level  Hunger
 Summon Small Mammal      Summ           ####         1%          1    None
 Teleport Other           Tloc           ######..     1%          3    None
 Piercing Shot            Chrm           ######....   1%          5    ##.....


Dungeon Overview and Level Annotations

Branches:
Dungeon (11/12)            Temple (1/1) D:6            Lair (0/6) D:7
    Orc: D:8-11      Vaults: D:11-12

Altars:
Ashenzari
Cheibriados
Dithmenos
Fedhas
Gozag
Hepliaklqana
Kikubaaqudgha
Lugonu
Makhleb
Nemelex Xobeh
Okawaru
Qazlal
Ru
Sif Muna
Trog
Uskayaw
Vehumet
Wu Jian
Xom
Yredelemnul

Shops:
D:4 :   D:6 [   D:8 (


Innate Abilities, Weirdness & Mutations

You learn spells by gaining experience, not through books or religion.
You only train spellcasting to practice magic.
You have sharp fingernails.
You have very sharp teeth.
You have a pair of small horns on your head.


Message History

The +4 long sword hits you!!
Casting: Fireball (safe; 1% risk of failure)
Confirm with . or Enter, or press ? or * to list all spells.
Aiming: Fireball (safe; 1% risk of failure)
Press: ? - help, Shift-Dir - straight line The fireball explodes!
The fireball engulfs the +4 long sword.
The +4 long sword resists.
The +4 long sword is moderately damaged.
You are feeling very hungry.
The +4 long sword hits you! The +4 long sword hits you!!
* * * LOW HITPOINT WARNING * * *
Okay, then.
Your fiery infusion is running out.
The +4 long sword hits you.
* * * LOW HITPOINT WARNING * * *
The +4 long sword hits you!
* * * LOW HITPOINT WARNING * * *
The +4 long sword hits you!
You die...
Kikubaaqudgha rasps: "You have failed me!
Welcome... death!"

.......## #...................###
......## ##...................##
......## #...................#
###....# #.>.##..............#
###..## #...###.............#
#...# ##...###............# #...#
##....###....<.......#
##..####.....(............[.##
##..## #......@................
##..## #......#####..........##
##..## ##....## ##.<.......#
...## #...## #.........# .###
#...# ##........# ##### #...##
#........# ##..##
#....#########.......# #....##
##..........###.......##
......####......#####............


You could see a +4 long sword.

Vanquished Creatures
  2 two-headed ogres (D:8)
  An unseen horror (D:10)
  2 cyclopes (D:9)
  4 slime creatures (D:10)
  A kobold demonologist (D:9)
  An eye of draining (D:7)
  A queen bee (D:8)
  3 trolls
  Grinder (D:5)
  2 hippogriffs
  Sigmund (D:6)
  5 yaks (D:10)
  A wyvern (D:9)
  A steam dragon (D:7)
  A basilisk (D:10)
  3 hungry ghosts
  2 crocodiles
  A hornet zombie (D:7)
  2 orc warriors
  2 porcupines (D:7)
  2 sky beasts (D:6)
  2 black bears
  A necrophage (D:8)
  2 ice beasts
  A boggart (D:9)
  4 ogres
  10 bullfrogs
  A wyvern zombie (D:7)
  3 centaurs
  5 scorpions
  10 killer bees (D:8)
  7 howler monkeys
  7 crimson imps
  3 bullfrog zombies
  2 quasits (D:7)
  3 jellies
  Crazy Yiuf (D:3)
  7 hounds
  3 orc wizards
  A bullfrog skeleton (D:8)
  Ijyb (D:5)
  Terence (D:3)
  3 iguanas
  11 worker ants
  2 kobold zombies (Ossuary)
  3 hound zombies
  4 mummies (Ossuary)
  Robin (D:3)
  2 gnolls (D:3)
  A howler monkey skeleton (D:7)
  10 adders
  2 shadow imps
  An ooze (D:2)
  2 adder skeletons
  2 adder zombies
  3 worms
  A dart slug (D:1)
  5 leopard geckos
  19 orcs
  A ball python (D:3)
  9 bats
  A gnoll zombie (Ossuary)
  10 hobgoblins
  A jackal (D:7)
  5 quokkas
  3 frilled lizards
  12 goblins
  2 goblin zombies (Ossuary)
  A jackal skeleton (D:5)
  A jackal zombie (D:3)
  9 kobolds
  An orc zombie (Ossuary)
  4 rats
  A rat zombie (Ossuary)
  2 fungi
249 creatures vanquished.

Vanquished Creatures (others)
  A slime creature (D:10)
  4 yaks
  An elf zombie (Ossuary)
  A kobold brigand (D:9)
  2 centaurs (D:8)
  4 killer bees (D:8)
  A howler monkey (D:8)
  A hound (D:4)
  A human zombie (Ossuary)
  A bullfrog skeleton (D:4)
  2 kobold zombies (Ossuary)
  A gnoll (D:3)
  An adder skeleton (D:6)
  35 fungi
  11 plants (D:7)
67 creatures vanquished.

Grand Total: 316 creatures vanquished

Notes
Turn   | Place    | Note
-------+----------+-------------------------------------------
     0 | D:1      | Lazarus1551 the Oni Fire Elementalist began the quest for
                  | the Orb.
     0 | D:1      | Reached XP level 1. HP: 14/14 MP: 6/6
   227 | D:1      | Found a sparkling altar of Nemelex Xobeh.
   437 | D:1      | Reached XP level 2. HP: 20/20 MP: 4/7
  1213 | D:2      | Reached skill level 3 in Spellcasting
  1243 | D:2      | Noticed a howler monkey
  1248 | D:2      | Killed a howler monkey
  1249 | D:2      | Reached XP level 3. HP: 17/27 MP: 3/9
  1340 | D:2      | Reached XP level 4. HP: 34/34 MP: 9/11
  1409 | D:2      | Found a glowing silver altar of Zin.
  1409 | D:2      | Found a white marble altar of Elyvilon.
  1411 | D:2      | Found a glowing golden altar of the Shining One.
  1954 | D:3      | Noticed Terence
  1962 | D:2      | Learned a level 2 spell: Shackle
  1966 | D:2      | Learned a level 3 spell: Conjure Flame
  1970 | D:2      | Learned a level 3 spell: Inner Flame
  2058 | D:3      | Reached skill level 1 in Fighting
  2058 | D:3      | Reached skill level 1 in Armour
  2063 | D:3      | Reached XP level 5. HP: 21/40 MP: 0/12
  2096 | D:3      | Noticed Robin
  2168 | D:3      | Killed Robin
  2278 | D:3      | Reached skill level 4 in Spellcasting
  2357 | D:3      | Killed Terence
  2515 | D:3      | Noticed an ogre
  2524 | D:3      | Killed an ogre
  2525 | D:3      | Reached XP level 6. HP: 40/48 MP: 4/14
  2886 | D:3      | Found a runed door.
  2891 | D:3      | Noticed Crazy Yiuf
  2898 | D:3      | Killed Crazy Yiuf
  2899 | D:3      | Reached skill level 1 in Throwing
  3022 | D:4      | Reached XP level 7. HP: 46/53 MP: 9/16
  3275 | D:4      | Reached skill level 5 in Spellcasting
  3401 | D:4      | Found Atun's Book Emporium.
  3678 | D:4      | Reached skill level 1 in Staves
  3800 | D:5      | Entered Level 5 of the Dungeon
  3978 | D:5      | Reached XP level 8. HP: 18/61 MP: 12/18
  4069 | D:5      | Learned a level 5 spell: Dispel Undead
  4091 | D:5      | Found a sand-covered staircase.
  4096 | Ossuary  | Entered an ossuary
  4896 | D:5      | Noticed Ijyb
  4913 | D:5      | Killed Ijyb
  5068 | D:5      | Reached skill level 1 in Maces & Flails
  5270 | D:5      | Noticed Grinder
  5288 | D:5      | Paralysed by Grinder for 2 turns
  5292 | D:5      | Killed Grinder
  5293 | D:5      | Reached skill level 6 in Spellcasting
  5627 | D:5      | Reached XP level 9. HP: 63/70 MP: 16/20
  5936 | D:5      | Found a sacrificial altar of Ru.
  6294 | D:6      | Found a shimmering blue altar of Sif Muna.
  6527 | D:6      | Found a staircase to the Ecumenical Temple.
  6635 | D:6      | Found Timaf's Armour Emporium.
  6709 | Temple   | Entered the Ecumenical Temple
  6954 | Temple   | Became a worshipper of Kikubaaqudgha
  7218 | D:6      | Noticed Sigmund
  7241 | D:6      | Killed Sigmund
  7450 | D:6      | Found an iron altar of Okawaru.
  7483 | D:6      | Found an ornate altar of the Wu Jian Council.
  7483 | D:6      | Found a hazy altar of Hepliaklqana.
  7484 | D:6      | Found a hide-covered altar of Uskayaw.
  7524 | D:6      | Found a shimmering altar of Xom.
  7547 | D:7      | Noticed a troll
  7561 | D:7      | Killed a troll
  7562 | D:7      | Reached skill level 7 in Spellcasting
  7859 | D:7      | Got a smouldering chain mail
  7864 | D:7      | Noticed an eye of draining
  7873 | D:7      | Killed an eye of draining
  7874 | D:7      | Reached XP level 10. HP: 78/78 MP: 12/23
  7880 | D:7      | Learned a level 5 spell: Fireball
  7885 | D:7      | Learned a level 4 spell: Sticky Flame
  7896 | D:7      | Reached skill level 8 in Spellcasting
  7965 | D:7      | Learned a level 2 spell: Flaming Arrows
  7976 | D:7      | Identified the +3 chain mail of the Volcano {rElec MR+}
                  | (You found it on level 7 of the Dungeon)
  8041 | D:7      | Reached * piety under Kikubaaqudgha
  8739 | D:7      | Found a staircase to the Lair.
  8981 | D:8      | Found Tonnubru's Weapon Boutique.
  9057 | D:8      | Reached skill level 9 in Spellcasting
  9122 | D:8      | Noticed a two-headed ogre
  9132 | D:8      | Killed a two-headed ogre
  9197 | D:8      | Noticed a two-headed ogre
  9206 | D:8      | Killed a two-headed ogre
  9214 | D:8      | Reached XP level 11. HP: 68/83 MP: 12/26
  9312 | D:8      | Found a blossoming altar of Fedhas.
  9338 | D:8      | Reached skill level 10 in Spellcasting
  9434 | D:8      | Reached ** piety under Kikubaaqudgha
  9842 | D:8      | Found a snail-covered altar of Cheibriados.
  9989 | D:9      | Found a radiant altar of Vehumet.
 10004 | D:9      | Noticed a cyclops
 10014 | D:9      | Killed a cyclops
 10263 | D:9      | Noticed a cyclops
 10266 | D:9      | Killed a cyclops
 10267 | D:9      | Reached skill level 11 in Spellcasting
 10774 | D:10     | Entered Level 10 of the Dungeon
 11178 | D:10     | Killed an unseen horror
 11367 | D:10     | Reached XP level 12. HP: 88/91 MP: 20/29
 11407 | D:10     | Reached skill level 12 in Spellcasting
 11524 | D:10     | Learned a level 5 spell: Bolt of Draining
 11859 | D:10     | Slain by a +4 long sword

Skill      XL: |  1  2  3  4  5  6  7  8  9 10 11 12 |
---------------+-------------------------------------+-----
Spellcasting   | 3 4 5 6 7 9 11 12 | 12.0
Dodging        | 2 4 |  4.9
Fighting       | 1 2 3 |  3.9
Armour         | 1 2 3 |  3.7
Throwing       | 1 2 |  2.2
Staves         | 2 |  2.4
Maces & Flails | 1 3 |  3.0
Stealth        | |  1.7
Unarmed Combat | |  0.1
Conjurations   | | 12.0
Hexes          | | 12.0
Charms         | | 12.0
Summonings     | | 12.0
Necromancy     | | 12.0
Translocations | | 12.0
Transmutations | | 12.0
Fire Magic     | | 12.0
Ice Magic      | | 12.0
Air Magic      | | 12.0
Earth Magic    | | 12.0
Poison Magic   | | 12.0

Action                   |  1- 3 |  4- 6 |  7- 9 | 10-12 || total
-------------------------+-------+-------+-------+-------++-------
Melee: Unarmed           |     2 |    36 |       |       ||    38
       Bite              |       |     7 |    12 |     3 ||    22
       Quarterstaff      |       |     7 |    18 |       ||    25
       Headbutt          |       |     5 |    18 |    16 ||    39
       Mace              |       |       |   132 |    84 ||   216
 Fire: Shortbow          |       |       |       |   106 ||   106
Throw: Stone             |       |    54 |    42 |    58 ||   154
       Tomahawk          |       |       |       |    10 ||    10
       Javelin           |       |       |       |     3 ||     3
 Cast: Flame Tongue      |    21 |   106 |   251 |   175 ||   553
       Shackle           |       |     7 |    41 |    45 ||    93
       Inner Flame       |       |     2 |     7 |     9 ||    18
       Fireball          |       |       |       |    26 ||    26
       Sticky Flame      |       |       |       |     1 ||     1
       Flaming Arrows    |       |       |       |    17 ||    17
       Dispel Undead     |       |       |       |     1 ||     1
Evoke: Wand              |       |       |     6 |       ||     6
  Use: Scroll            |       |       |    10 |     7 ||    17
       Potion            |       |       |     1 |     1 ||     2
 Stab: Sleeping          |       |       |     1 |       ||     1
  Eat: Chunk             |     2 |     9 |    23 |    25 ||    59
       Ration            |       |       |     2 |       ||     2
Armor: Animal skin       |     1 |     8 |    96 |       ||   105
       Robe              |       |       |     1 |    34 ||    35
Dodge: Dodged            |     5 |    45 |   212 |   157 ||   419
